 Dungeon Crawl Stone Soup version 0.26-a0-812-g31a745ddcd (webtiles) character file.

Game seed: 12119375385791240691

82 azazuza the Covered (level 4, -5/42 HPs)
             Began as a Deep Dwarf Fighter on Nov 20, 2020.
             Was an Initiate of Cheibriados.
             Killed by nerve-wracking pain
             ... invoked by Grinder
              (13 damage)
             ... on level 3 of the Dungeon.
             The game lasted 00:00:31 (320 turns).

azazuza the Covered (Deep Dwarf Fighter)             Turns: 320, Time: 00:00:31

Health: -5/42      AC:  6    Str: 22    XL:     4   Next: 21%
Magic:  3/5        EV:  8    Int:  9    God:    Cheibriados [......]
Gold:   48         SH:  9    Dex: 13    Spells: 3/3 levels left

rFire    . . .     SeeInvis +   a - +0 war axe
rCold    . . .     Faith    .   c - +0 kite shield
rNeg     . . .     Spirit   .   b - +0 scale mail
rPois    .         Reflect  .   (no helmet)
rElec    .         Harm     .   (no cloak)
rCorr    .         Rampage  .   (no gloves)
MR       .....                  (no boots)
Stlth    ..........             (no amulet)
HPRegen  0.00/turn              i - ring of see invisible
MPRegen  0.09/turn              (no ring)

@: non-regenerating, very slow
A: damage resistance, heal wounds, sense surroundings 1, no regeneration
a: Heal Wounds, Bend Time, Renounce Religion


You were on level 3 of the Dungeon.
You worshipped Cheibriados.
Cheibriados was noncommittal.
You visited 1 branch of the dungeon, and saw 3 of its levels.

You collected 48 gold pieces.

Inventory:

Hand Weapons
 a - a +0 war axe (weapon)
Armour
 b - a +0 scale mail (worn)
 c - a +0 kite shield (worn)
 j - a +0 plate armour
   (You found it on level 3 of the Dungeon)
Jewellery
 i - a ring of see invisible (left hand)
   (You found it on level 2 of the Dungeon)
Scrolls
 f - a scroll of enchant weapon {unknown}
 h - a scroll of teleportation {unknown}
Potions
 d - a potion of might
 e - a potion of brilliance {unknown}
 g - a potion of heal wounds {unknown}


   Skills:
 * Level 3.3 Fighting
 * Level 3.2 Axes
 + Level 3.6 Armour
 + Level 1.1 Dodging
 + Level 3.5 Shields
 * Level 1.4 Invocations


You had 3 spell levels left.
You didn't know any spells.
Your spell library was empty.

Dungeon Overview and Level Annotations

Branches:
Dungeon (3/15)

Altars:
Cheibriados

Annotations:
D:3 Grinder, Robin


Innate Abilities, Weirdness & Mutations

You are resistant to damage.
You can heal yourself by infusing magical energy.
You passively map a small area around you.
You do not regenerate.


Message History

You hit Grinder but do no damage. You block the hound's attack.
The hound bites you. You block Grinder's attack.
You hit the hound.
You kill the hound!
Cheibriados appreciates the change of pace.
Your Invocations skill increases to level 1!
You have reached level 4!
You feel stronger.
You closely miss Grinder. You block Grinder's attack.
The goblin hits you with a cursed -1 dagger.
Grinder hits you!
* * * LOW HITPOINT WARNING * * *
You writhe in agony.
* * * LOW HITPOINT WARNING * * *
Unknown command.
Okay, then.
You fail to use your ability.
Grinder gestures at you. Pain shoots through your body!
You die...

#...# #####*#..#### ,
#...####.###.#..... *
#.........#....h..* ,
####...#####.<.......
.....†)).......#.##..##g
............(........hg
...............#.##..#*
###............#)##..#
#....#.####...@g...#
#....#.# #.##5#...)..
#....#.# #.##.#..####
#......# #.##.. .. *, ,
#.####. *.#* * #. *..* #
* #. ,.. , , *##.* * , *
.. ,


You could see Grinder and a goblin.

Vanquished Creatures
  A hound (D:3)
  3 adders
  A giant cockroach (D:3)
  3 hobgoblins
  6 jackals (D:1)
  2 bats
  3 goblins (D:3)
  3 kobolds
  4 rats
26 creatures vanquished.

Notes
Turn   | Place    | Note
-------+----------+-------------------------------------------
     0 | D:1      | azazuza the Deep Dwarf Fighter began the quest for the Orb.
     0 | D:1      | Reached XP level 1. HP: 20/20 MP: 1/1
    51 | D:1      | Reached XP level 2. HP: 22/27 MP: 2/2
   159 | D:2      | Found a snail-covered altar of Cheibriados.
   169 | D:2      | Became a worshipper of Cheibriados the Contemplative
   258 | D:3      | Reached XP level 3. HP: 31/34 MP: 3/3
   274 | D:3      | Noticed Grinder
   275 | D:3      | Noticed Robin
   282 | D:3      | Paralysed by Grinder for 4 turns
   314 | D:3      | Reached skill level 1 in Dodging
   319 | D:3      | Reached skill level 1 in Invocations
   319 | D:3      | Reached XP level 4. HP: 16/42 MP: 3/5
   320 | D:3      | Killed from afar by Grinder

Illustrated notes

Levels and vault maps discovered:
D:1:      dpeg_arrival_refuge, layout_basic
D:2:      layout_basic, nicolae_overflow_crystal_walls, fedhas_altar_fruit_tree,
          uniq_crazy_yiuf_cottage
D:3:      layout_loops_cross, nicolae_overflow_hidden_temple, uniq_robin,
          uniq_grinder, uniq_natasha

Skill      XL: |  1  2  3 |
---------------+----------+-----
Fighting       | 3 |  3.3
Axes           | 3 |  3.2
Dodging        | 1 |  1.1
Invocations    | 1 |  1.4
Armour         | |  3.6
Shields        | |  3.5

Action                   |  1- 3 |  4- 6 || total
-------------------------+-------+-------++-------
Melee: War axe           |    90 |       ||    90
 Abil: Heal Wounds       |     5 |       ||     5
Armor: Scale mail        |    54 |       ||    54
Dodge: Dodged            |    48 |       ||    48
Block: Kite shield       |    63 |     1 ||    64

Table legend: (Time is in decaauts)
 A = Elapsed time spent in this place.
 B = Non-inter-level travel time spent in this place.
 C = Inter-level travel time spent in this place.
 D = Time resting spent in this place.
 E = Time spent auto-exploring this place.
 F = Levels seen in this place.
 G = Mean time per level.
                   A        B        C        D        E       F      G
               +--------+--------+--------+--------+--------+-----+--------+
         Total |    384 |    331 |     53 |      0 |    130 |   3 |  128.0 |
       Dungeon |    384 |    331 |     53 |      0 |    130 |   3 |  128.0 |
               +--------+--------+--------+--------+--------+-----+--------+

Top non-repeatable levels by time:
     D:2: 201 daAuts
     D:3: 98 daAuts
     D:1: 85 daAuts
